 Dungeon Crawl Stone Soup version 0.20-a0-382-g289d6af (webtiles) character file.

1447 terra53 the Destroyer (level 8, -2/41 HPs)
             Began as a Gargoyle Conjurer on Dec 28, 2016.
             Was an Initiate of Gozag.
             Slain by a hornet zombie (9 damage)
             ... on level 7 of the Dungeon.
             The game lasted 00:24:13 (6634 turns).

terra53 the Destroyer (Gargoyle Conjurer)           Turns: 6634, Time: 00:24:14

Health: -2/41      AC: 10    Str: 11    XL:     8   Next: 75%
Magic:  21/28      EV: 12    Int: 19    God:    Gozag
Gold:   371        SH:  3    Dex: 10    Spells: 12/22 levels left

rFire  . . .     SeeInvis .     E - +3 quarterstaff (chaos)
rCold  . . .     Gourm    .     a - +0 robe
rNeg   + . .     Faith    .     (shield currently unavailable)
rPois  ∞         Spirit   .     y - +1 helmet
rElec  +         Reflect  +     J - +0 cloak
rCorr  +         Harm     .     (no gloves)
MR     .....                    (no boots)
Stlth  ++........               F - +3 amulet of reflection
                                v - ring of resist corrosion
                                I - ring of magical power

@: no status effects
A: negative energy resistance 1, electricity resistance, unbreathing,
petrification resistance, rot immunity, AC +5
a: Potion Petition, Call Merchant, Bribe Branch, Renounce Religion


You were on level 7 of the Dungeon.
You worshipped Gozag.
Gozag was aware of your devotion.
You were not hungry.

You visited 2 branches of the dungeon, and saw 8 of its levels.

You collected 529 gold pieces.
You paid 158 gold pieces to Gozag.

Inventory:

Hand Weapons
 h - a +0 dagger
 k - a +0 mace
 s - a +4 dagger
 E - a +3 quarterstaff of chaos (weapon)
 L - a +3 flail
Missiles
 d - 2 needles of frenzy
 p - 35 poisoned needles
 M - 8 tomahawks of returning (quivered)
Armour
 a - a +0 robe (worn)
 e - a +0 leather armour
 y - a +1 helmet (worn)
 J - a +0 cloak (worn)
Jewellery
 v - a ring of resist corrosion (right hand)
 z - an uncursed ring of ice
 F - a +3 amulet of reflection (around neck)
 I - a ring of magical power (left hand)
Wands
 n - a wand of confusion (13/48)
 x - a wand of lightning (11/15)
 K - a wand of disintegration (11/24)
Scrolls
 f - 2 scrolls of teleportation
 g - a scroll of random uselessness
 i - 2 scrolls of enchant weapon
 l - 2 scrolls of magic mapping
 o - 4 scrolls of enchant armour
 t - a scroll of remove curse
 w - 2 scrolls of immolation
 G - 2 scrolls of fear {unknown}
 H - a scroll of blinking {unknown}
Potions
 j - 3 potions of heal wounds
 m - 3 potions of flight
 u - 2 potions of berserk rage
 A - a potion of cancellation
 B - a potion of agility {unknown}
 C - a potion of haste {unknown}
 D - a potion of curing
 N - a potion of ambrosia {unknown}
Books
 b - a book of Conjurations

   Spells                             Type                      Level
   a - Magic Dart                     Conjuration                  1
   b - Searing Ray                    Conjuration                  2
   c - Dazzling Spray                 Conjuration/Hexes            3
   d - Fulminant Prism                Conjuration/Hexes            4
   e - Iskenderun's Mystic Blast      Conjuration                  4
   f - Iskenderun's Battlesphere      Conjuration/Charms           5
Comestibles
 c - 6 bread rations
 q - 4 meat rations


   Skills:
 - Level 1.5 Dodging
 - Level 2.1 Stealth
 * Level 7.7 Spellcasting
 + Level 8.1 Conjurations
 + Level 1.8 Hexes


You had 12 spell levels left.
You knew the following spells:

 Your Spells              Type           Power        Failure   Level  Hunger
a - Magic Dart            Conj           ####         1%          1    None
b - Searing Ray           Conj           #####.       1%          2    None
c - Dazzling Spray        Conj/Hex       ####..       4%          3    #......
d - Iskenderun's Mystic   Conj           #####...     3%          4    ###....


Dungeon Overview and Level Annotations

Branches:
Dungeon (7/15)             Temple (1/1) D:6

Altars:
Ashenzari
Dithmenos
Elyvilon
Gozag
Hepliaklqana
Makhleb
Nemelex Xobeh
Ru
Trog
Uskayaw
Vehumet
Xom
Yredelemnul
Zin
The Shining One
Lugonu

Shops:
D:4 *


Innate Abilities, Weirdness & Mutations

You are resistant to torment.
Your stone body is resilient. (AC +5)
You are immune to poison.
You resist negative energy. (rN+)
You are resistant to electric shocks. (rElec)
You can survive without breathing.
You are immune to petrification.
You are immune to rotting.


Message History

Confirm with . or Enter, or press ? or * to list all spells.
Aiming: Searing Ray
Press: ? - help, Shift-Dir - straight line Something hits you.
* * * LOW HITPOINT WARNING * * *
The searing ray hits something.
Something hits you but does no damage. Something hits you but does no damage.
The searing ray hits something.
You finish channeling your searing ray.
Something hits you but does no damage. Something hits you.
* * * LOW HITPOINT WARNING * * *
Casting: Searing Ray
Confirm with . or Enter, or press ? or * to list all spells.
Okay, then.
Casting: Searing Ray
Confirm with . or Enter, or press ? or * to list all spells.
Aiming: Searing Ray
Press: ? - help, Shift-Dir - straight line The searing ray hits something.
Something hits you!
You die...
Your body crumbles into a pile of gold.

$ ##.## #
......###.#
#.{@..#
#.##### #


There were no monsters in sight!

Vanquished Creatures
  Sigmund (D:5)
  A hungry ghost (D:4)
  An ice beast (D:5)
  The ghost of mynametaken the Vexing, an amateur SpEn (D:4)
  An ogre (D:5)
  A centaur (D:5)
  Blork the orc (D:6)
  A bullfrog (D:6)
  3 wights (D:6)
  A crimson imp (D:6)
  An orc priest (D:6)
  A hound (D:5)
  An orc wizard (D:6)
  Crazy Yiuf (D:4)
  An iguana (D:7)
  5 worker ants
  A hound skeleton (D:4)
  9 adders
  2 shadow imps
  2 oozes (D:1)
  5 worms
  A dart slug (D:1)
  5 leopard geckos
  4 orcs
  2 ball pythons
  9 bats
  8 giant cockroaches
  10 goblins
  5 hobgoblins
  25 jackals
  3 quokkas (D:5)
  10 frilled lizards
  A giant cockroach zombie (D:5)
  A jackal skeleton (D:5)
  6 kobolds
  A leopard gecko skeleton (D:4)
  A leopard gecko zombie (D:5)
  A quokka skeleton (D:5)
  4 rats
138 creatures vanquished.

Notes
Turn   | Place    | Note
-------+----------+-------------------------------------------
     0 | D:1      | terra53 the Gargoyle Conjurer began the quest for the Orb.
     0 | D:1      | Reached XP level 1. HP: 10/10 MP: 3/3
     3 | D:1      | Noticed an electric eel
     3 | D:1      | Noticed an electric eel
   133 | D:1      | Reached XP level 2. HP: 15/15 MP: 0/5
   340 | D:1      | Reached skill level 5 in Conjurations
   551 | D:1      | Reached XP level 3. HP: 16/19 MP: 0/6
   945 | D:2      | Found a white marble altar of Elyvilon.
   953 | D:2      | Became a worshipper of Elyvilon the Healer
  1138 | D:2      | Found a sparkling altar of Nemelex Xobeh.
  1141 | D:2      | Found a glowing golden altar of the Shining One.
  1426 | D:2      | Reached * piety under Elyvilon
  1622 | D:2      | Reached XP level 4. HP: 24/24 MP: 3/7
  1926 | D:2      | Found a sacrificial altar of Ru.
  2186 | D:2      | Found a hide-covered altar of Uskayaw.
  2514 | D:3      | Reached skill level 6 in Conjurations
  2749 | D:3      | Learned a level 2 spell: Searing Ray
  2753 | D:3      | Learned a level 3 spell: Dazzling Spray
  2796 | D:3      | Reached XP level 5. HP: 28/28 MP: 4/9
  3416 | D:4      | Reached ** piety under Elyvilon
  3416 | D:4      | Noticed a hungry ghost
  3473 | D:4      | Killed a hungry ghost
  3473 | D:4      | Reached XP level 6. HP: 32/32 MP: 2/12
  3666 | D:4      | Found a shattered altar of Ashenzari.
  3680 | D:4      | Noticed mynametaken's ghost (amateur SpEn)
  3686 | D:4      | Killed mynametaken's ghost
  3686 | D:4      | Reached skill level 5 in Spellcasting
  3768 | D:4      | Found Unwimeb's General Store.
  4221 | D:4      | Found a runed door.
  4393 | D:4      | Reached XP level 7. HP: 36/36 MP: 14/14
  4518 | D:4      | Learned a level 4 spell: Iskenderun's Mystic Blast
  4518 | D:4      | Noticed Crazy Yiuf
  4521 | D:4      | Killed Crazy Yiuf
  4554 | D:5      | Entered Level 5 of the Dungeon
  4584 | D:5      | Found a hide-covered altar of Uskayaw.
  4863 | D:5      | Reached skill level 7 in Conjurations
  4930 | D:5      | Found a glowing silver altar of Zin.
  4949 | D:5      | Reached *** piety under Elyvilon
  4964 | D:5      | Noticed Sigmund
  5003 | D:5      | Killed Sigmund
  5003 | D:5      | Reached skill level 1 in Hexes
  5003 | D:5      | Reached XP level 8. HP: 41/41 MP: 11/17
  5445 | D:6      | Found a basalt altar of Yredelemnul.
  5488 | D:6      | Found a staircase to the Ecumenical Temple.
  5494 | Temple   | Entered the Ecumenical Temple
  5507 | Temple   | Fell from the grace of Elyvilon
  5507 | Temple   | Became a worshipper of Gozag Ym Sagoz the Greedy
  5546 | D:6      | Found a shimmering altar of Xom.
  5970 | D:6      | Noticed Blork the orc
  5980 | D:6      | Killed Blork the orc
  6104 | D:6      | Reached skill level 8 in Conjurations
  6247 | D:6      | Found a burning altar of Makhleb.
  6634 | D:7      | Slain by a hornet zombie

Vault maps used:
D:1:      arrival_aquarium_b, minivault_5
D:2:      nicolae_ru_the_path_less_chosen, lemuel_round_altar,
          chequers_temple_overflow_statue_of_worship, marbit_many_paths
D:3:      minivault_27, st_stairs_7
D:4:      lemuel_doored_altar, serial_shops, shop, minmay_bisected,
          uniq_crazy_yiuf_cottage
D:5:      zin_treasury, basic_altar, first_bread, uniq_sigmund
D:6:      makhleb_grotto_becter, xom_teletrap_fun, yredelemnul_altar_generic,
          uniq_blork_the_orc
D:7:      grunt_qazlal_sundering
Temple:   corrupted_temple

Skill      XL: |  1  2  3  4  5  6  7  8 |
---------------+-------------------------+-----
Conjurations   | 5 6 7 8 |  8.1
Spellcasting   | 3 4 5 6 7 |  7.7
Hexes          | 1 |  1.8
Dodging        | |  1.5
Stealth        | |  2.1

Action                   |  1- 3 |  4- 6 |  7- 9 || total
-------------------------+-------+-------+-------++-------
Melee: Unarmed           |    13 |       |       ||    13
       Dagger            |     6 |    42 |     6 ||    54
       Mace              |     2 |       |       ||     2
       Quarterstaff      |       |       |    16 ||    16
Throw: Tomahawk          |       |       |     1 ||     1
 Cast: Magic Dart        |    69 |   107 |   114 ||   290
       Searing Ray       |       |     5 |    12 ||    17
       Dazzling Spray    |       |     3 |    13 ||    16
       Iskenderun's Myst |       |       |     2 ||     2
Evoke: Wand              |       |       |     2 ||     2
  Use: Scroll            |       |     5 |     6 ||    11
       Potion            |       |       |     4 ||     4
  Eat: Chunk             |     3 |     8 |     4 ||    15
       Beef jerky        |       |       |     2 ||     2
       Pizza             |       |       |     1 ||     1
Armor: Robe              |     9 |    32 |    17 ||    58
Dodge: Dodged            |    23 |    40 |    19 ||    82
Block: Other             |       |       |     4 ||     4
